cohdb
Replays
Latest Replays
All Replays
Popular Replays
Top Player Replays
Match Explorer
How It Works
Community
CoH3 Stats
Reddit
Sign in to upload your games and track your stats! →
Sign in with Steam
Match 41633005
Unlisted
Match 41633005
Overview
Messages
Build Orders
End
Vickers Machine Gun Team
Construct Section Command Post
Dingo Light Scout Car
ML 3-inch Mortar Team
Infantry Section
Construct Field Infirmary
Infantry Section
Selects Heavy Armor Battlegroup
Selects Rigorous Vehicle Training
Infantry Section
Construct Platoon Command Post
Grenade Package
6-pounder Anti-tank Gun Team
Construct Company Command Post
Unlock M3 Grant Medium Tanks
Selects Forward Repair Assembly
Selects Light Vehicle Withdraw and Refit
Selects Radio Net
M3 Grant Medium Tank
Royal Engineer Section
M3 Grant Medium Tank
Selects Recon Artillery
Recon Artillery
M3 Grant Medium Tank
Foot Guards Section
Royal Engineer Section
M3 Grant Medium Tank
Infantry Section
Radio Net
M3 Grant Medium Tank
M3 Grant Medium Tank
Royal Engineer Section
Recon Artillery
M3 Grant Medium Tank
ßoo
Widukind
Corboo boo
Code John
kentaro5272
n0isyB0y
Eric
Gyo
0
0
Comments
sign in to comment!
No comments posted yet!